Map: Acropolis LE

Players

Snute - Winner!

  • Race: Zerg Zerg
  • Spawn Location: 5:00

Harstem

  • Race: Protoss Protoss
  • Spawn Location: 11:00

Event: 2019 WCS Summer

VOD

Have the link to the VOD?

Description

Time

  • Played on: July 12, 2019, 7:12 a.m.
  • Length: 8:04

All games in this series

Show
View Real Time Build Order
Export as new Build Order

Snute Zerg - Winner!

Build Orders: Hatch First 

Get SALT Encoding   

  12  0:00  Drone  
  13  0:12  Overlord  
  13  0:17  Drone  
  14  0:30  Drone  
  14  0:31  Drone  
  14  0:34  Drone  
  17  0:51  Hatchery  
  17  0:55  Drone  
  17  0:57  Drone  
  18  1:10  Spawning Pool  
  17  1:12  Extractor  
  17  1:15  Drone  
  17  1:19  Drone  
  18  1:28  Drone  
  19  1:38  Overlord  
  19  1:50  Drone  
  20  1:56  Queen  
  20  2:00  Zergling x2  
  23  2:04  Drone, Queen  
  26  2:12  Metabolic Boost  
  26  2:15  Zergling x4  
  28  2:21  Drone  
  29  2:26  Drone  
  30  2:35  Hatchery  
  29  2:37  Drone  
  29  2:44  Overlord  
  29  2:46  Drone  
  29  2:48  Drone  
  31  2:53  Drone  
  32  3:00  Drone, Queen  
  32  3:05  Drone x3  
  38  3:07  Drone  
  38  3:08  Drone  
  40  3:15  Queen  
  40  3:19  Overlord  
  42  3:20  Drone  
  43  3:32  Overlord  
  43  3:37  Drone x4  
  43  3:39  Queen  
  49  3:41  Drone  
  49  3:42  Drone  
  49  3:46  Queen  
  54  3:48  Zergling x2  
  54  3:55  Zergling x4  
  56  3:59  Baneling Nest  
  56  4:01  Zergling x8  
  59  4:04  Spore Crawler  
  59  4:08  Spore Crawler  
  57  4:12  Extractor  
  57  4:14  Spore Crawler  
  57  4:15  Zergling x2  
  57  4:16  Zergling x4  
  58  4:24  Drone x5  
  58  4:29  Drone x2  
  65  4:38  Overlord x2  
  65  4:43  Baneling x6  
  65  4:47  Baneling  
  65  4:49  Overlord  
  65  4:52  Overlord  
  65  4:57  Drone x7  
  72  5:00  Extractor  
  72  5:05  Zergling x10  
  76  5:09  Roach Warren  
  75  5:14  Baneling x6  
  75  5:17  Drone x2  
  77  5:24  Zergling x10  
  80  5:37  Drone x9  
  80  5:41  Spore Crawler  
  87  5:43  Spore Crawler  
  87  5:44  Drone  
  87  5:48  Lair  
  88  5:50  Drone x2  
  88  5:52  Drone, Evolution Chamber  
  88  5:53  Drone  
  88  5:54  Drone  
  92  5:58  Drone  
  93  6:07  Overlord  
  93  6:10  Hatchery  
  91  6:11  Drone x3  
  91  6:12  Drone x2  
  91  6:14  Extractor  
  91  6:17  Drone x2, Extractor  
  96  6:22  Overlord  
  96  6:24  Overlord  
  96  6:28  Drone x7  
  96  6:30  Overlord  
  103  6:39  Hatchery  
  102  6:45  Overlord  
  102  6:50  Hydralisk Den  
  102  6:52  Roach x2  
  105  6:55  Roach x2  
  108  7:03  Roach x5  
  108  7:07  Roach x8  
  129  7:12  Ravager  
  129  7:13  Ravager  
  129  7:15  Ravager  
  126  7:16  Ravager  
  126  7:17  Queen x2  
  126  7:20  Zergling x6  
  132  7:23  Ravager  
  132  7:24  Ravager  
  132  7:28  Ravager  
  132  7:29  Zergling x6  
  138  7:30  Zergling x2  
  135  7:39  Roach x4  
  135  7:42  Ravager  
  143  7:44  Baneling  
Show
View Real Time Build Order
Export as new Build Order

Harstem Protoss 

Build Orders: 1 Gate Expand 

Get SALT Encoding   

  12  0:01  Probe  
  13  0:13  Probe  
  14  0:18  Pylon  
  14  0:25  Probe  
  15  0:36  Gateway  
  15  0:37  Probe  
  16  0:44  Assimilator  
  16  0:46  Probe  
  17  0:54  Probe  
  18  1:04  Probe  
  19  1:16  Probe  
  20  1:24  Cybernetics Core  
  20  1:33  Nexus  
  20  1:40  Pylon  
  20  1:42  Probe  
  21  1:50  Assimilator, Adept  
  21  1:55  Probe  
  24  2:01  Warp Gate  
  24  2:07  Probe  
  25  2:17  Probe  
  25  2:20  Adept  
  28  2:25  Probe  
  29  2:33  Probe  
  29  2:35  Twilight Council  
  30  2:45  Probe x2  
  30  2:50  Stalker  
  34  2:53  Probe  
  34  2:57  Probe  
  36  3:00  Robotics Facility  
  36  3:03  Probe  
  37  3:07  Resonating Glaives  
  38  3:15  Probe  
  38  3:17  Gateway  
  38  3:20  Gateway  
  38  3:21  Probe  
  39  3:27  Probe  
  39  3:34  Probe  
  41  3:35  Pylon  
  41  3:38  Warp Prism  
  41  3:39  Probe  
  42  3:43  Assimilator  
  45  3:51  Probe  
  45  3:52  Probe  
  45  3:53  Adept  
  48  3:56  Pylon  
  48  4:00  Assimilator  
  48  4:03  Probe  
  50  4:13  Pylon  
  50  4:15  Probe  
  50  4:16  Adept x3  
  56  4:19  Probe  
  57  4:25  Pylon  
  57  4:28  Probe  
  58  4:31  Probe  
  58  4:38  Adept x3  
  63  4:40  Probe  
  63  4:41  Observer  
  67  4:50  Immortal  
  68  4:56  Nexus  
  71  5:09  Sentry x3  
  71  5:12  Pylon  
  77  5:23  Pylon  
  77  5:26  Gateway  
  77  5:32  Immortal  
  75  5:46  Sentry x3  
  79  5:54  Probe, Gateway x2  
  79  5:57  Gateway  
  80  5:59  Gateway  
  80  6:01  Immortal  
  81  6:09  Sentry x3  
  88  6:17  Probe x2  
  92  6:19  Probe  
  92  6:22  Zealot  
  92  6:25  Pylon  
  95  6:29  Pylon  
  95  6:38  Sentry x2, Zealot  
  95  6:39  Shield Battery  
  101  6:49  Adept x3  
  106  6:54  Probe x2  
  106  6:56  Adept  
  106  7:00  Sentry  
  111  7:03  Adept x3  
  111  7:05  Probe  
  113  7:18  Adept x2  
  113  7:19  Stalker x2  
  121  7:28  Probe  
  121  7:29  Stalker x4  
  120  7:40  Sentry  
  120  7:41  Adept  
  120  7:42  Probe  
  119  7:45  Probe  
  104  7:53  Adept x6  
Tags
 
Add a new tag
Caveats
  • Supply blocks, unpowered buildings, or Contaminate may cause inaccurate times.
  • Supply counts are checked every 10 seconds.